Cogmind - Beta 16 @@@ ROGUE MODE // 2026.01.26 @ 20:35:59 Player: luckinvolved Result: Destroyed by YI-UF0 with YI-UF0's Doublenader Performance ------------- Evolutions (0) 0 Regions Visited (2) 400 Robots Destroyed (0) 0 Value Destroyed (0) 0 Prototype IDs (0) 0 Alien Tech Used (0) 0 Bonus (0) 0 TOTAL SCORE: 400 Bonus ------- None Cogmind --------- Core Integrity 0/250 Matter 158/300 Energy 94/100 System Corruption 0% Temperature Cool (1) Movement Flying (40) Location -10/Mines Parts ------- > --- POWER (1) -------- (None) > --- PROPULSION (2) --- Flight Unit > --- UTILITY (2) ------ (None) > --- WEAPON (2) ------- (None) > --- INVENTORY (5) ---- Grenade Launcher Peak State ------------ > --- POWER ------------ (None) > --- PROPULSION ------- Flight Unit > --- UTILITY ---------- (None) > --- WEAPON ----------- (None) > --- INVENTORY -------- Grenade Launcher [Rating: 1] Favorites ----------- Power None Propulsion Flight Unit Flight Unit Flight Unit Utility None Weapon None Build | -11 -10 -10 ------- Run | Yrd Mat Min Slots Evolved . | . . . Power . | . . . Propulsion . | . . . Utility . | . . . Weapon . | . . . Parts Attached 1 | . . 1 Power . | . . . Engine . | . . . Core . | . . . Reactor . | . . . Propulsion 1 | . . 1 Treads . | . . . Leg . | . . . Wheel . | . . . Hover . | . . . Flight 1 | . . 1 Utility . | . . . Device . | . . . Storage . | . . . Processor . | . . . Hackware . | . . . Protection . | . . . Artifact . | . . . Weapon . | . . . Energy Gun . | . . . Energy Cannon . | . . . Ballistic Gun . | . . . Ballistic Cannon . | . . . Launcher . | . . . Special Weapon . | . . . Impact Weapon . | . . . Slashing Weapon . | . . . Piercing Weapon . | . . . Special Melee Weapon . | . . . Unidentified Prototypes . | . . . Parts Lost . | . . . Power . | . . . Propulsion . | . . . Utility . | . . . Weapon . | . . . Highest Loss Streak . | . . . To Critical Strikes . | . . . Average Backups . | . . . Power . | . . . Propulsion . | . . . Utility . | . . . Weapon . | . . . Tool/Special . | . . . Unused Backups . | . . . Power . | . . . Propulsion . | . . . Utility . | . . . Weapon . | . . . Tool/Special . | . . . Average Slot Usage (%) 1 | . . 2 Flight 1 | . . 2 Peak Build Rating 1 | . . 1 Average Rating . | . . . On Entrance . | . . . Avg Prop Armor Cover (%) . | . . . Naked Turns 88 | . 43 45 Heaviest Build . | . . . Greatest Support 4 | 3 3 4 Greatest Overweight (x) . | . . . Average Overweight (x) . | . . . Largest Inventory Capacity 5 | 5 5 5 Average Capacity 5 | 5 5 5 Most Carried 1 | . . 1 Average Carried . | . . . Final Capacity 5 | 5 5 5 Final Carried 1 | . . 1 Class Distribution -------------------- 100% | Mutant Dominant Class ---------------- Mutant | -10/Materials Mutant | -10/Mines Resources | -11 -10 -10 ----------- Run | Yrd Mat Min Matter Collected 58 | 43 . 15 Remotely . | . . . Salvage Created . | . . . Parts . | . . . Haulers Intercepted . | . . . Recyclers Shooed . | . . . Parts Field Recycled . | . . . Retrieved Matter . | . . . Parts Self-Destructed . | . . . Prevented . | . . . Parts Restored . | . . . Kills | -11 -10 -10 ------- Run | Yrd Mat Min Combat Hostiles Destroyed . | . . . Classes Destroyed . | . . . Best Kill Streak . | . . . Combat Bots Only . | . . . Max Kills in Single Turn . | . . . Gunslinging . | . . . Exploded . | . . . Melee . | . . . Uniques/NPCs Destroyed . | . . . Combat | -11 -10 -10 -------- Run | Yrd Mat Min Hostile Shots Fired 27 | . . 27 Missed 15 | . . 15 Hits 12 | . . 12 Projectile 12 | . . 12 AOE 4 | . . 4 Damage Taken 251 | . . 251 Core 251 | . . 251 Absorbed by Shields . | . . . Core Remaining (%) 100 | 100 . . Volleys Fired . | . . . Largest . | . . . Hottest . | . . . Shots Fired . | . . . Gun . | . . . Cannon . | . . . Launcher . | . . . Special . | . . . Kinetic . | . . . Thermal . | . . . Explosive . | . . . Electromagnetic . | . . . Robot Hit Streak . | . . . Robot Miss Streak . | . . . Penetration Max . | . . . Secondary Targets . | . . . Shots Hit Robots . | . . . Core Hits . | . . . Critical Kills . | . . . Critical Parts Destroyed . | . . . Critical Strikes . | . . . Melee Attacks . | . . . Impact . | . . . Slashing . | . . . Piercing . | . . . Sneak Attacks . | . . . Combat Hostiles . | . . . Follow-up Attacks . | . . . Damage Inflicted 3 | . . 3 Guns . | . . . Cannons . | . . . Explosions . | . . . Melee . | . . . Ramming 3 | . . 3 Kinetic . | . . . Thermal . | . . . Explosive . | . . . Electromagnetic . | . . . Impact . | . . . Slashing . | . . . Piercing . | . . . Highest Corruption . | . . . Average Corruption . | . . . Corruption Purged . | . . . Corruption Blocked . | . . . Overload Shots . | . . . Overflow Damage . | . . . Projectiles . | . . . Explosions . | . . . Melee . | . . . Knockbacks . | . . . Impact . | . . . Kinetic . | . . . Secondary . | . . . Self-Inflicted Damage 1 | . . 1 Shots . | . . . Rammed 2 | . . 2 Targets Rammed 2 | . . 2 Kicked . | . . . Crushed . | . . . Highest Temperature . | . . . Average Temperature . | . . . Received Heat Transfer 15 | . . 15 Siege Activations . | . . . Martial Activations . | . . . Shielding Activations . | . . . Robots Disrupted . | . . . Combat Hostiles . | . . . Robots Corrupted . | . . . Combat Hostiles . | . . . Parts Fried . | . . . Impact Corruptions . | . . . Robots Melted . | . . . Combat Hostiles . | . . . Parts Melted . | . . . Heat Transferred . | . . . Parts Sabotaged . | . . . Parts Stolen . | . . . Parts Stripped . | . . . Power Chain Reactions . | . . . Alert | -11 -10 -10 ------- Run | Yrd Mat Min Maximum Alert Level . | . . . Low Security (%) 100 | 100 100 100 Level 1 . | . . . Level 2 . | . . . Level 3 . | . . . Level 4 . | . . . Level 5 . | . . . High Security . | . . . Max Security . | . . . Peak Influence 30 | . . 30 Initial . | . . . Average 5 | . . 11 Influence Increases 30 | . . 30 Lose Combat Pursuer 30 | . . 30 Influence Decreases 10 | . . 10 Time Decay 10 | . . 10 Squads Dispatched 1 | . 1 . Investigation 1 | . 1 . Extermination . | . . . Reinforcement . | . . . Assault . | . . . Garrison . | . . . Intercept . | . . . Searches Triggered . | . . . Construction Impeded . | . . . Haulers Reinforced . | . . . Active Scanning Responses . | . . . Cargo Convoy Interrupts . | . . . Stealth | -11 -10 -10 --------- Run | Yrd Mat Min Distress Signals . | . . . Communications Jammed . | . . . Distress Signals . | . . . Times Spotted 9 | . 1 8 Peak Tracking Total 5 | . 1 5 Tactical Retreats 1 | . . 1 Traps | -11 -10 -10 ------- Run | Yrd Mat Min Traps Triggered . | . . . Indirectly . | . . . Trap Hack Attempts . | . . . Triggered . | . . . Disarmed . | . . . Reprogrammed . | . . . Reused . | . . . Traps Extracted . | . . . Installed . | . . . Triggered . | . . . Machines | -11 -10 -10 ---------- Run | Yrd Mat Min Machines Disabled . | . . . Max in Single Turn . | . . . Machines Repaired . | . . . Machines Dismantled . | . . . Machines Sabotaged . | . . . Overloaded Fab Kills . | . . . Hacking | -11 -10 -10 --------- Run | Yrd Mat Min Machines Accessed 1 | . 1 . Terminals 1 | . 1 . Fabricators . | . . . Repair Stations . | . . . Recycling Units . | . . . Scanalyzers . | . . . Garrison Access . | . . . Total Hacks 4 | . 4 . Successful . | . . . Failed 4 | . 4 . Catastrophic 1 | . 1 . Database Lockouts . | . . . Manual 4 | . 4 . Terminals 4 | . 4 . Fabricators . | . . . Repair Stations . | . . . Recycling Units . | . . . Scanalyzers . | . . . Garrison Access . | . . . Terminal Hacks . | . . . Fabricator Hacks . | . . . Repair Station Hacks . | . . . Recycling Unit Hacks . | . . . Scanalyzer . | . . . Garrison Access Hacks . | . . . Unauthorized Hacks . | . . . Terminals . | . . . Fabricators . | . . . Repair Stations . | . . . Recycling Units . | . . . Scanalyzers . | . . . Garrison Access . | . . . Data Cores Recovered . | . . . Used . | . . . Hacking Detections 1 | . 1 . Full Trace Events 1 | . 1 . Feedback Events . | . . . Feedback Blocked . | . . . Robot Schematics Acquired . | . . . Robots Built . | . . . Authchips . | . . . Time . | . . . Total Robot Build Rating . | . . . Part Schematics Acquired . | . . . Parts Built . | . . . Authchips . | . . . Time . | . . . Total Part Build Rating . | . . . Part Studies Acquired . | . . . Parts Repaired . | . . . Time . | . . . Parts Recycled . | . . . Recycled Matter . | . . . Retrieved Matter . | . . . Retrieved Components . | . . . Parts Scanalyzed . | . . . Part Schematics Acquired . | . . . Parts Damaged . | . . . Bothacking | -11 -10 -10 ------------ Run | Yrd Mat Min Used RIF Installer . | . . . Robots Hacked . | . . . Non-combat . | . . . Combat . | . . . Robot Hacks Applied . | . . . Relay Couplers Released . | . . . Fabnet Peak Effective % . | . . . Robots Rewired . | . . . Allies Hacked . | . . . Hacks Repelled . | . . . Allies | -11 -10 -10 -------- Run | Yrd Mat Min Total Allies . | . . . Largest Group . | . . . Highest-Rated Group . | . . . Highest-Rated Ally . | . . . Total Orders . | . . . Ally Attacks . | . . . Total Damage . | . . . Kills . | . . . Allies Corrupted . | . . . Allies Melted . | . . . Intel | -11 -10 -10 ------- Run | Yrd Mat Min Active Infowar (turns) . | . . . Robot Analysis Total . | . . . Derelict Logs Recovered . | . . . Drone Launches . | . . . Drone Recoveries . | . . . Exploration | -11 -10 -10 ------------- Run | Yrd Mat Min Turns Passed 100 | 9 43 48 Spaces Moved 190 | 18 85 87 Core 186 | 18 85 83 Treads . | . . . Legs . | . . . Wheels . | . . . Hover . | . . . Flight 4 | . . 4 Fastest Speed 40 | 50 50 40 Average Speed 49 | 50 50 49 Slowest Speed 50 | 50 50 50 Overloaded Moves . | . . . Propulsion Burnouts . | . . . Robots Hopped . | . . . Potential Cave-ins 1 | . . 1 Cave-ins Triggered . | . . . Exploration Rate (%) 19 | 3 27 27 Regions Visited 2 Branch Regions 1 Pre-discovered Areas . | . . . Known Exits Taken . | . . . Unknown Exits Taken 2 | 1 1 . Scrap Searched . | . . . Spaces Dug . | . . . Terrain Destroyed . | . . . Melee . | . . . Projectile . | . . . AOE . | . . . Terrain Rammed . | . . . Walls Destroyed . | . . . Machines Disabled . | . . . Actions | -11 -10 -10 --------- Run | Yrd Mat Min Total 192 | 17 84 91 Wait . | . . . Move 188 | 17 84 87 Hop . | . . . Pick Up 1 | . . 1 Fast Attach 1 | . . 1 Attach . | . . . Detach . | . . . Swap . | . . . Drop . | . . . Fire . | . . . Melee . | . . . Ram 2 | . . 2 Kick . | . . . Crush . | . . . Escape Stasis . | . . . Rewire . | . . . Trap . | . . . Miscellaneous . | . . . Route ------- -11/Scrapyard -10/Materials -10/Mines (discovered 1 exit: [*Mat]) History --------- Turn | Location | Event 3 | -11/Scrapyard | Discovered new exit (range 15) 10 | -11/Scrapyard | Entered Materials 45 | -10/Materials | Discovered new exit (range 16) 53 | -10/Materials | Entered Mines 61 | -10/Mines | Discovered new exit (range 6) 89 | -10/Mines | YI-UF0 nonchalantly dropped a Grenade Launcher on the ground 90 | -10/Mines | Core integrity fell below 50% 100 | -10/Mines | Core integrity fell below 20% 101 | -10/Mines | Destroyed by YI-UF0 with YI-UF0's Doublenader Last Messages --------------- Something is scanning the area. 00061_ EXIT=FOUND 00063_ Slammed into S-10 Pest. 00081_ T-07 Excavator is excavating. 00089_ YI-UF0 nonchalantly drops a Grenade Launcher on the ground. 00089_ Acquired Grenade Launcher. 00089_ T-07 Excavator is excavating. 00091_ YI-UF0: "BWOOM!" 00091_ S-10 Pest destroyed. 00091_ YI-UF0: "BADABOOM!" 00091_ S-10 Pest destroyed. 00091_ YI-UF0: "BOOM!" 00091_ G-47 Trooper destroyed. 00092_ YI-UF0: "Whaaaaaaaa!" 00094_ T-07 Excavator is excavating. 00095_ G-34 Mercenary destroyed. 00097_ Acquired 15 matter. 00098_ T-07 Excavator is excavating. 00098_ Acquired Flight Unit. 00101_ K-01 Serf destroyed. Map ----- +----------------------------------------------------+ | | | | | | | | | | | | | | | ?????????????????????????????????????????????????? | | ?????????????????????????????????????????????????? | | ?????????????????????????????????????????????????? | | ?????????????????????????????????????????????????? | | ?????????????????????????????????????????????????? | | ?????????????????????????????????????????????????? | | ???????????????????????????????####??????????????? | | ??????????????????????????????## #??????????????? | | ??????????????????????????????# t##?????????????? | | ????????????????????????####### ####???????##?? | | ???????????????????????## ## ####### ##? | | ????????????????????#### g ## | | ????????????????????# # | | ????????????????????# ### # | | ???????????????????## [ #?## ## | | ???????????????????# ####???# ##? | | ???????????????????# ! ##???????# ##?? | | ?????????????????### =%* [ #?????????####??? | | ?????????? u @ #???????????????? | | ?????????????######## #???????????????? | | ????????????????????##### # ##???????????????? | | ?????????????????????## #### #????????????????? | | ?????????????????????# ??## ##????????????????? | | ?????????????????????# ### #?????????????????? | | ?????????????????????# #?????????????????? | | ?????????????????????## #?????????????????? | | ??????????????????????#### ##?????????????????? | | ?????????????????????????### #####??############ | | ???????????????????????????## #### | | ????????????????????????????## ## | | ?????????????????????????????## ####### | | ??????????????????????????????## #?????# | | ???????????????????????????????# ## ##????## | | ???????????????????????????????## #####????## | | ????????????????????????????????# #???????## | | ????????????????????????????????# ##??????## | | ????????????????????????????????# #???????# | | ???????????????????????????????# #??????## # | | ??????????????????????????????# ####### ## | | ????????????????????????????? #? | | ????????????????????????????? < ##? | | ???????????????????????????? ####### #?? | | ???????????????????????????### ##?????## ##?? | +----------------------------------------------------+ Best States ------------- Heat Dissipation 25 Energy Generation 5 Energy Capacity 100 Matter Stores 158 Matter Capacity 300 Sight Range 16 Terrain Scan Density 10 Evasion (%) 50 Item Schematics ----------------- None Robot Schematics ------------------ None Fabricated ------------ Nothing Repaired ---------- Nothing Studied --------- None Alien Tech Used ----------------- None Achievements -------------- None Challenges ------------ None Game ------ Seed GyrokineticPortableOptics Manual? 0 Play Time 00:01:48 Cumulative 147.3 hours Start 2026.01.26 @ 20:34:45 End 2026.01.26 @ 20:35:59 Sessions 1 Manual Loads 0 Difficulty Rogue Special Mode None Game No. 183 Rogue 178 Adventurer 5 Explorer 0 Win Type - Total 4 Types 3/0/0/1/0/0/0/0/0/0 Lore% 44 Gallery% 61 Achievement% 47 Wizard Run 0 Options --------- Layout 0 ASCII 0 Keyboard 1 Movement Vi Keybinds 0 Fullscreen 1 Font 24/Smallcaps Map View 76x50 Zoom Use 0% Tactical HUD 1 Map Filters NONE Filters NONE Steam 1 RUN: 8e5f3f14-c341-4122-8342-c2e965f54b7b